 Dungeon Crawl Stone Soup version 0.31.0-9-g3a7656b989 (webtiles) character file.

Game seed: 15434423834475889983

3745 Killerpretzel the Nimble (level 9, -2/39 HPs)
             Began as a Felid Air Elementalist on Feb 3, 2024.
             Was an Initiate of Gozag.
             Slain by an elephant (16 damage)
             ... on level 8 of the Dungeon on Feb 4, 2024.
             The game lasted 00:36:15 (11432 turns).

Killerpretzel the Nimble (Felid Air Elementalist)  Turns: 11432, Time: 00:36:15

Health: -2/39      AC:  2    Str:  4    XL:     9   Next: 93%
Magic:  1/18       EV: 22    Int: 24    God:    Gozag
Gold:   511        SH:  0    Dex: 16    Spells: 12/19 levels left
                                        Lives:  0   Deaths: 2

rFire   . . .        (weapon unavailable)
rCold   . . .        (shield unavailable)
rNeg    + . .        (body armour unavailable)
rPois   .            (helmet unavailable)
rElec   .            (cloak unavailable)
rCorr   .            (gloves unavailable)
SInv    +            (boots unavailable)
Will    +....        s - amulet of the acrobat
Stlth   ++           b - ring of wizardry
HPRegen 0.26/turn    c - ring of positive energy
MPRegen 0.16/turn

%: acrobat, wizardry (x1)
@: no status effects
A: very small, claws 1, fangs 3, see invisible, shaggy fur 2, stealthy paws, no
weapons or thrown items, no armour, multi-lived
a: Renounce Religion, Potion Petition, Call Merchant, Bribe Branch


You were on level 8 of the Dungeon.
You worshipped Gozag.
Gozag was pleased with you.
You visited 2 branches of the dungeon, and saw 9 of its levels.

You collected 605 gold pieces.
You paid 94 gold pieces to Gozag.

Inventory:

Jewellery
 a - a ring of poison resistance
 b - a ring of wizardry (left paw)
 c - a ring of positive energy (right paw)
 o - an amulet of guardian spirit
 s - an amulet of the acrobat (around neck)
Talismans
 i - a beast talisman
Wands
 r - a wand of mindburst (13)
Scrolls
 j - 2 scrolls of teleportation
 m - a scroll of immolation
 t - a scroll of silence
Potions
 d - a potion of mutation {unknown}
 e - 5 potions of might
 f - 2 potions of haste
 g - a potion of attraction {unknown}
 h - 2 potions of resistance
 k - a potion of heal wounds {unknown}
 l - 2 potions of enlightenment
 n - 2 potions of curing
 p - a potion of ambrosia {unknown}
 q - a potion of brilliance {unknown}


   Skills:
 + Level 8.5 Dodging
 - Level 2.6 Stealth
 + Level 5.9 Spellcasting
 + Level 5.5 Conjurations
 * Level 8.5 Air Magic
 + Level 3.0 Shapeshifting


You had 12 spell levels left.
You knew the following spells:

 Your Spells              Type           Power      Damage    Failure   Level
a - Shock                 Conj/Air       100%       1d9       1%          1
b - Static Discharge      Conj/Air       80%        3-7/arc   1%          2
c - Airstrike             Air            24%        2d(4-20)  1%          4

Your spell library contained the following spells:

 Spells                   Type           Power      Damage    Failure   Level
 Swiftness                Air            48%        N/A       1%          3
 Scorch                   Fire           14%        2d5       4%          2
 Sublimation of Blood     Necr           7%         N/A       4%          2
 Flame Wave               Conj/Fire      20%        2d7       11%         4
 Irradiate                Conj/Alch      10%        3d15      28%         5
 Olgreb's Toxic Radiance  Alch           7%         N/A       32%         4
 Passage of Golubria      Tloc           7%         N/A       32%         4
 Petrify                  Alch/Erth      7%         N/A       32%         4
 Sticky Flame             Fire/Alch      7%         2d4       32%         4
 Summon Cactus Giant      Summ           3%         N/A       99%         6


Dungeon Overview and Level Annotations

Branches:
Dungeon (8/15)             Temple (1/1) D:6
   Lair: D:8-11

Altars:
Cheibriados
Dithmenos
Fedhas
Gozag
Hepliaklqana
Kikubaaqudgha
Makhleb
Nemelex Xobeh
Okawaru
Qazlal
Ru
Trog
Uskayaw
Vehumet
Wu Jian
Xom
Yredelemnul
Zin
The Shining One

Shops:
D:2 [   D:4 *

Annotations:
D:5 3 runed translucent doors, exclusion: 3 doors, Crazy Yiuf; Teknotikka's ghost, novice MiBe
D:7 2 transporters


Innate Abilities, Weirdness & Mutations

You have sharp claws.
You have razor-sharp teeth.
You have supernaturally acute eyesight. (SInv)
You are covered in thick fur. (AC +2)
Your paws help you pounce on unaware monsters.
You are incapable of wielding weapons or throwing items.
You cannot wear armour.
You gain extra lives every three experience levels.


Message History

Casting: Airstrike (dangerous; 1% risk of failure)
Confirm with . or Enter, or press ? or * to list all spells.
Aiming: Airstrike (dangerous; 1% risk of failure)
Press: ? - help, Dir - move target, f/p - elephant
Aim: an elephant (heavily wounded, empty space bonus: 6/8)
The air twists around and strikes the elephant!
The elephant is severely wounded.
Casting: Airstrike (dangerous; 1% risk of failure)
Confirm with . or Enter, or press ? or * to list all spells.
You don't have enough magic to cast this spell.
Unknown command.
Casting: Airstrike (dangerous; 1% risk of failure)
Confirm with . or Enter, or press ? or * to list all spells.
The elephant is struck by an arc of lightning.
The elephant is severely wounded.
You are struck by an arc of lightning.
The elephant is struck by an arc of lightning.
The elephant is severely wounded.
You are struck by an arc of lightning.
The lightning grounds out.
The elephant misses you. The elephant closely misses you.
Aiming: Mindburst
Press: ? - help, Shift-Dir - straight line, f/p - elephant
Aim: an elephant (severely wounded, chance to affect: 29%)
The elephant easily resists.
The elephant tramples you!
You stumble backwards!
Aiming: Mindburst
Press: ? - help, Shift-Dir - straight line, f/p - elephant
Aim: an elephant (severely wounded, chance to affect: 29%)
The elephant easily resists.
The elephant tramples you!
You stumble backwards!
Aiming: Mindburst
Press: ? - help, Shift-Dir - straight line, f/p - elephant
Aim: an elephant (severely wounded, chance to affect: 29%)
The elephant's mind is blasted!
The elephant tramples you but does no damage.
The elephant misses you.
Aiming: Mindburst
Press: ? - help, Shift-Dir - straight line, f/p - elephant
Aim: an elephant (almost dead, chance to affect: 29%)
The elephant easily resists.
The elephant tramples you!
You die...
Your body crumbles into a pile of gold.

#.).....##
#..##.###.#
##.(...## #.###.#
#.# ##)..##
#.###.###.# ##)##
#.).....<.# #.# ###
#####.#####
####.####.## #.#
...........## #.#
###...#.....#####.#
#.............Y@.#
##...#.....#######
##.###...## #.#
##.## #.# ### #.#
#Y# ### #.# ##.##
#.###.#.##


You could see an elephant.

Vanquished Creatures
  Pikel (D:4)
  Jeremiah (D:6)
  Maggie (D:6)
  Grinder (D:4)
  A steam dragon (D:7)
  Menkaure (D:4)
  2 water moccasins
  3 ice beasts
  3 ogres
  A phantom (D:5)
  A bullfrog (D:7)
  7 wights
  3 killer bees (D:7)
  A howler monkey (D:6)
  4 jellies
  3 orc priests (D:7)
  3 gnoll boudas
  4 hounds
  2 iguanas (D:5)
  4 orc wizards
  7 adders
  16 gnolls
  2 white imps
  3 dart slugs
  24 orcs
  6 ball pythons
  4 bats
  7 endoplasms
  2 giant cockroaches
  8 hobgoblins
  8 jackals (D:2)
  11 kobolds
  5 quokkas
  4 frilled lizards
  6 goblins
  5 rats
165 creatures vanquished.

Notes
Turn   | Place    | Note
-------+----------+-------------------------------------------
     0 | D:1      | Killerpretzel the Felid Air Elementalist began the quest
                  | for the Orb.
     0 | D:1      | Reached XP level 1. HP: 9/9 MP: 4/4
    80 | D:1      | Reached skill level 1 in Conjurations
   279 | D:1      | Reached XP level 2. HP: 13/13 MP: 0/6
   282 | D:1      | Learned a level 2 spell: Static Discharge
   460 | D:1      | Got Sif Muna's Dissertation on Arsenical Topology
  1220 | D:2      | Found a burning altar of Makhleb.
  1345 | D:2      | Reached XP level 3. HP: 14/16 MP: 2/7
  1912 | D:2      | Found Irufuetz's Armour Shop.
  2037 | D:2      | Reached XP level 4. HP: 14/21 MP: 2/8
  2037 | D:2      | Gained a life (2 lives remaining)
  2329 | D:2      | Learned a level 4 spell: Airstrike
  2610 | D:3      | Found a hide-covered altar of Uskayaw.
  2788 | D:3      | Found a radiant altar of Vehumet.
  3171 | D:3      | Found a stormy altar of Qazlal.
  3256 | D:4      | Found Nydock's Neck Hole.
  3300 | D:4      | Noticed Grinder
  3395 | D:4      | Found a shadowy altar of Dithmenos.
  3421 | D:4      | Reached XP level 5. HP: 14/24 MP: 3/10
  3502 | D:4      | Noticed Menkaure
  3523 | D:4      | Killed Menkaure
  3524 | D:4      | Gained mutation: You are covered in thick fur. (AC +2)
                  | [Felid growth]
  3524 | D:4      | Reached XP level 6. HP: 13/28 MP: 0/11
  3874 | D:4      | Identified the +2 ring mail of the Dice {Int+6}
  3961 | D:4      | Killed Grinder
  3962 | D:4      | Reached skill level 5 in Dodging
  3962 | D:4      | Reached skill level 5 in Air Magic
  3962 | D:4      | Reached XP level 7. HP: 32/32 MP: 3/13
  4114 | D:4      | Found a hazy altar of Hepliaklqana.
  4199 | D:4      | Noticed Pikel
  4658 | D:4      | Killed Pikel
  4659 | D:4      | Reached XP level 8. HP: 36/36 MP: 1/15
  4865 | D:5      | Entered Level 5 of the Dungeon
  5197 | D:5      | Found a runed translucent door.
  5236 | D:5      | Found an ancient bone altar of Kikubaaqudgha.
  5752 | D:5      | Found a runed translucent door.
  6393 | D:5      | Found a runed translucent door.
  6394 | D:5      | Noticed Crazy Yiuf
  6573 | D:5      | Noticed Teknotikka's ghost (novice MiBe)
  6723 | D:6      | Reached skill level 1 in Shapeshifting
  6845 | D:6      | Noticed Jeremiah
  6848 | D:6      | Killed Jeremiah
  6937 | D:6      | Reached skill level 5 in Spellcasting
  7091 | D:6      | Found a glowing silver altar of Zin.
  7264 | D:6      | Reached XP level 9. HP: 39/39 MP: 8/17
  7575 | D:6      | Noticed Maggie
  7882 | D:6      | HP: 1/39 [/static electricity (2)]
  7882 | D:6      | Mangled by a gnoll bouda
  7882 | D:6      | Lost a life (1 life remaining)
  7957 | D:6      | Killed Maggie
  8187 | D:6      | Identified the +10 rapier of Fedhas's Favour {elec, Dex+3}
  8333 | D:6      | Reached skill level 5 in Conjurations
  8605 | D:6      | Found a staircase to the Ecumenical Temple.
  8614 | Temple   | Entered the Ecumenical Temple
  8641 | Temple   | Became a worshipper of Gozag Ym Sagoz the Greedy
  9096 | D:7      | Found a flagged portal.
  9357 | D:7      | Found a sacrificial altar of Ru.
  9990 | D:7      | Found a transporter.
 10120 | D:6      | HP: 1/39 [poisoned by a hornet]
 10120 | D:6      | Slain by a hornet
 10120 | D:6      | Lost a life (0 lives remaining)
 10286 | D:7      | Found a transporter.
 11400 | D:8      | Noticed an elephant
 11432 | D:8      | Slain by an elephant

Illustrated notes

Levels and vault maps discovered:
D:1:      matt_arrival_debris, layout_rooms
D:2:      layout_basic, basic_altar, serial_shops, nicolae_shop_window_shopping
D:3:      layout_rooms, eat_drink_and_be_merry_uskayaw,
          mainiacjoe_overflow_paths, mainiacjoe_overflow_brackets,
          serial_bayou_pond_d, kennysheep_path_1
D:4:      layout_cave_pools, nicolae_dithmenos_shadow_blocks,
          worldfamousw_hep_ancestral_shrine, enter_ossuary_2,
          minmay_misc_feat_square, nicolae_shop_sticking_my_neck_out,
          uniq_grinder, uniq_pikel, uniq_menkaure
D:5:      layout_layer_cave, old_standard_altar, ebering_ghost_sewer_f,
          uniq_crazy_yiuf_cottage
D:6:      layout_basic, zin_academy, minmay_temple_entry_sparse_star,
          minmay_misc_feat_alley, st_stairs_9, uniq_jeremiah, uniq_maggie
D:7:      gammafunk_cloud_chamber, layout_basic,
          nicolae_ru_great_annihilating_truth, enter_bailey_2
D:8:      layout_loops_corners, david_lair_generic
Temple:   grunt_temple_mini_profane

Skill      XL: |  1  2  3  4  5  6  7  8  9 |
---------------+----------------------------+-----
Conjurations   | 1 2 3 4 5 |  5.5
Dodging        | 3 4 5 6 7 8 |  8.5
Air Magic      | 3 4 5 6 7 8 |  8.5
Spellcasting   | 3 4 5 |  5.9
Shapeshifting  | 1 3 |  3.0
Stealth        | |  2.6

Action                     |  1- 3 |  4- 6 |  7- 9 || total
---------------------------+-------+-------+-------++-------
  Melee: Unarmed           |    12 |       |     5 ||    17
         Bite              |       |       |     1 ||     1
   Cast: Shock             |    69 |    48 |    34 ||   151
         Static Discharge  |    18 |    14 |    41 ||    73
         Airstrike         |       |     4 |   115 ||   119
  Evoke: Wand              |       |       |     7 ||     7
    Use: Scroll            |       |     6 |     5 ||    11
         Potion            |       |       |     2 ||     2
 Armour: Skin              |    32 |    23 |    76 ||   131
  Dodge: Dodged            |    33 |    17 |    60 ||   110
